 Dungeon Sprint DCSS version 0.31-a0-851-g7ff8af7976 (webtiles) character file.

Game seed: 9630135448126165931

2590 sircluck the Grappler (level 9, -10/105 HPs)
             Began as a Troll Berserker on Oct 5, 2023.
             Was a High Priest of Trog.
             Mangled by a redback (13 damage)
             ... in the Dungeon (Sprint III: "The Ten Rune Challenge").
             The game lasted 00:01:52 (603 turns).

sircluck the Grappler (Troll Berserker)              Turns: 603, Time: 00:01:52

Health: -10/105    AC:  4    Str: 31    XL:     9   Next: 33%
Magic:  8/8        EV: 12    Int:  3    God:    Trog [*****.]
Gold:   51         SH:  0    Dex:  9    Spells: 8/8 levels left

rFire   . .          .
                       - Unarmed
rCold   . . .        (no shield)
rNeg    . . .        a - +0 animal skin
rPois   .            (helmet restricted)
rElec   .            (no cloak)
rCorr   .            (gloves unavailable)
SInv    .            (boots unavailable)
Will    +....        (no amulet)
Stlth   +            (no ring)
HPRegen 1.17/turn    (no ring)
MPRegen 0.11/turn

%: no teleportation
@: lethally poisoned (-10 -> -71)
A: large, unfitting armour, claws 3, regeneration 1, shaggy fur 1, tough skin 1,
strong-willed 1, MP-powered wands
a: Renounce Religion, Berserk, Trog's Hand, Brothers in Arms


You were in the Dungeon.
You worshipped Trog.
Trog was extremely pleased with you.
You visited 1 branch You collected 51 gold pieces.

Inventory:

Armour
 a - a +0 animal skin (worn)
Wands
 n - a wand of mindburst (20)
Scrolls
 g - a scroll of blinking
 i - a scroll of poison {unknown}
 j - 2 scrolls of identify {unknown}
 l - a scroll of torment {unknown}
Potions
 b - 2 potions of curing
 c - a potion of heal wounds
 d - a potion of haste
 e - 2 potions of magic
 f - a potion of berserk rage
 k - a potion of ambrosia {unknown}
 m - 2 potions of enlightenment
Miscellaneous
 h - a phantom mirror


   Skills:
 + Level 11.0 Fighting
 + Level 10.9 Dodging
 + Level 12.8 Unarmed Combat


You had 8 spell levels left.
You didn't know any spells.
Your spell library was empty.

Dungeon Overview and Level Annotations

Branches:
Dungeon (1/1)

Altars:
Cheibriados
Dithmenos
Elyvilon
Fedhas
Gozag
Hepliaklqana
Kikubaaqudgha
Makhleb
Nemelex Xobeh
Okawaru
Qazlal
Ru
Sif Muna
Trog
Uskayaw
Vehumet
Wu Jian
Xom
Yredelemnul
Zin
The Shining One
Jiyva
Lugonu


Innate Abilities, Weirdness & Mutations

You are too large for most types of armour.
You have claws for hands.
Your natural rate of healing is unusually fast.
You are covered in fur. (AC +1)
You have tough skin. (AC +1)
You are strong-willed. (Will+)
You expend magic power (3 MP) to strengthen your wands.


Message History

Things that are here:
a +0 giant club; a +0 giant club You open the door.
A redback comes into view.
A redback comes into view.
There is an open door here.
The redback fails to trigger a net trap.
The redback misses you. The redback bites you! x2
You are poisoned.
The redback poisons you!
You miss the redback. Your claw misses the redback.
You feel extremely sick. The redback completely misses you.
The redback bites you!
You are lethally poisoned!
The redback poisons you!
You scratch the redback.
The redback is lightly wounded.
You feel extremely sick.
The redback bites you but does no damage.
The redback bites you!
You are more poisoned.
The redback poisons you!
You are too injured to fight recklessly!
You are too injured to fight recklessly!
You are too injured to fight recklessly!
You are too injured to fight recklessly!
You are too injured to fight recklessly!
You are too injured to fight recklessly!
You are too injured to fight recklessly!
You are too injured to fight recklessly!
You are too injured to fight recklessly!
You are too injured to fight recklessly!
* * * LOW HITPOINT WARNING * * *
You feel extremely sick. The redback closely misses you. x2
There is an open door here.
* * * LOW HITPOINT WARNING * * *
You feel extremely sick. The redback bites you!
You die...

#)## )..# ...# ##'#
...#+#####################
...#....#.#.#...))#......+
...##.#).#.##)###)#.....^#
...'##)#.#.##.#..##.....^#
...#...#..#..##.@ss....^.#
▓▓▓▓▓▓▓▓▓▓▓▓▓▓▓▓▓#^.^....#
#.....^.# +......^#
#^^^....# ##+######


You could see 2 redbacks.

Vanquished Creatures
  Erolcha (D)
  A deep elf pyromancer (D)
  A shadow (D)
  A spatial vortex (D)
  5 two-headed ogres (D)
  A necrophage (D)
  A water elemental (D)
  A jelly (D)
  Jessica (D)
  A necromancer (D)
  A wizard (D)
  A kobold demonologist (D)
  3 humans (D)
  A phantom (D)
  3 rats (D)
23 creatures vanquished.

Notes
Turn   | Place    | Note
-------+----------+-------------------------------------------
     0 | D        | sircluck the Troll Berserker began the quest for the Orb.
     0 | D        | Reached XP level 1. HP: 22/22 MP: 0/0
    31 | D        | Noticed Jessica
    46 | D        | Killed Jessica
    46 | D        | Reached ** piety under Trog
    47 | D        | Reached skill level 4 in Unarmed Combat
    47 | D        | Reached XP level 2. HP: 25/32 MP: 1/1
    86 | D        | Reached XP level 3. HP: 27/39 MP: 2/2
   113 | D        | Reached *** piety under Trog
   114 | D        | Reached skill level 5 in Unarmed Combat
   134 | D        | Gained mutation: You occasionally shout uncontrollably at
                  | your foes. [potion of mutation]
   135 | D        | Lost mutation: You occasionally shout uncontrollably at
                  | your foes. [potion of mutation]
   135 | D        | Gained mutation: Your muscles are strong. (Str +4, Int/Dex
                  | -1) [potion of mutation]
   135 | D        | Lost intelligence.
   135 | D        | Gained mutation: You are dopey. (Int -2) [potion of
                  | mutation]
   138 | D        | Lost mutation: You are dopey. (Int -2) [potion of mutation]
   138 | D        | Lost mutation: Your muscles are strong. (Str +4, Int/Dex
                  | -1) [potion of mutation]
   138 | D        | Gained mutation: You have an increased reservoir of magic.
                  | (+10% MP) [potion of mutation]
   138 | D        | Gained mutation: You are somewhat resistant to further
                  | mutation. [potion of mutation]
   139 | D        | Lost mutation: You are somewhat resistant to further
                  | mutation. [potion of mutation]
   139 | D        | Lost mutation: You have an increased reservoir of magic.
                  | (+10% MP) [potion of mutation]
   139 | D        | Gained mutation: You are strong-willed. (Will+) [potion of
                  | mutation]
   139 | D        | Gained mutation: You have a pair of small antennae on your
                  | head. [potion of mutation]
   140 | D        | Lost mutation: You have a pair of small antennae on your
                  | head. [potion of mutation]
   140 | D        | Lost mutation: You are strong-willed. (Will+) [potion of
                  | mutation]
   140 | D        | Gained mutation: Your skin changes colour to match your
                  | surroundings (Stealth+). [potion of mutation]
   140 | D        | Gained mutation: Armour fits poorly on your strangely
                  | shaped body. [potion of mutation]
   140 | D        | Gained mutation: You are somewhat resistant to further
                  | mutation. [potion of mutation]
   141 | D        | Lost mutation: You are somewhat resistant to further
                  | mutation. [potion of mutation]
   141 | D        | Lost mutation: Your skin changes colour to match your
                  | surroundings (Stealth+). [potion of mutation]
   141 | D        | Lost mutation: Armour fits poorly on your strangely shaped
                  | body. [potion of mutation]
   141 | D        | Gained mutation: You are strong-willed. (Will+) [potion of
                  | mutation]
   141 | D        | Gained mutation: You expend magic power (3 MP) to
                  | strengthen your wands. [potion of mutation]
   147 | D        | Noticed a water elemental
   162 | D        | Killed a water elemental
   163 | D        | Reached skill level 5 in Fighting
   163 | D        | Reached skill level 5 in Dodging
   163 | D        | Reached skill level 6 in Unarmed Combat
   163 | D        | Reached XP level 4. HP: 30/50 MP: 3/3
   185 | D        | Found a glowing silver altar of Zin.
   185 | D        | Found a glowing golden altar of the Shining One.
   185 | D        | Found a white marble altar of Elyvilon.
   186 | D        | Noticed a deep elf pyromancer
   191 | D        | Noticed a fire elemental
   192 | D        | Killed a deep elf pyromancer
   193 | D        | Reached skill level 9 in Unarmed Combat
   193 | D        | Reached XP level 5. HP: 59/63 MP: 4/4
   193 | D        | Reached XP level 6. HP: 68/72 MP: 5/5
   193 | D        | Reached XP level 7. HP: 74/79 MP: 6/6
   201 | D        | Found a radiant altar of Vehumet.
   201 | D        | Found a shimmering blue altar of Sif Muna.
   201 | D        | Found an ancient bone altar of Kikubaaqudgha.
   202 | D        | Reached **** piety under Trog
   205 | D        | Noticed a hellwing
   225 | D        | Found a hide-covered altar of Uskayaw.
   225 | D        | Found an iron altar of Okawaru.
   225 | D        | Found a bloodstained altar of Trog.
   225 | D        | Found an ornate altar of the Wu Jian Council.
   225 | D        | Noticed a human
   225 | D        | Noticed a human
   232 | D        | Killed a human
   247 | D        | Killed a human
   247 | D        | Reached ***** piety under Trog
   248 | D        | Reached skill level 10 in Unarmed Combat
   279 | D        | Found a basalt altar of Yredelemnul.
   279 | D        | Found a shadowy altar of Dithmenos.
   279 | D        | Found a sacrificial altar of Ru.
   280 | D        | Received a gift from Trog
   290 | D        | Noticed a shadow
   294 | D        | Killed a shadow
   295 | D        | Reached XP level 8. HP: 58/92 MP: 7/7
   331 | D        | Found a blossoming altar of Fedhas.
   331 | D        | Found a stormy altar of Qazlal.
   331 | D        | Found a snail-covered altar of Cheibriados.
   331 | D        | Found a burning altar of Makhleb.
   331 | D        | Found a shimmering altar of Xom.
   332 | D        | Found a hazy altar of Hepliaklqana.
   332 | D        | Found an opulent altar of Gozag.
   332 | D        | Found a sparkling altar of Nemelex Xobeh.
   332 | D        | Found a corrupted altar of Lugonu.
   332 | D        | Found a viscous altar of Jiyva.
   341 | D        | Reached skill level 11 in Unarmed Combat
   510 | D        | Noticed a two-headed ogre
   515 | D        | Killed a two-headed ogre
   516 | D        | Reached skill level 10 in Fighting
   570 | D        | Noticed Erolcha
   570 | D        | Noticed a two-headed ogre
   577 | D        | Killed a two-headed ogre
   578 | D        | Reached skill level 10 in Dodging
   578 | D        | Reached skill level 12 in Unarmed Combat
   578 | D        | Reached XP level 9. HP: 82/102 MP: 8/8
   578 | D        | Killed Erolcha
   578 | D        | Received a gift from Trog
   603 | D        | HP: 3/105 [poisoned by a redback]
   603 | D        | Mangled by a redback

Illustrated notes

Levels and vault maps discovered:
D:        dungeon_sprint_mu [sprint_mu_entry_cave, sprint_mu_temple_rooms,
          sprint_mu_d1_spiders, sprint_mu_d2_genie, sprint_mu_d3_branching,
          sprint_mu_orc_legion, sprint_mu_elf_gauntlet, sprint_mu_hive_nellie,
          sprint_mu_lair_fedhas, sprint_mu_vaults_butterflies,
          sprint_mu_slime_circle, sprint_mu_shoals_archi,
          sprint_mu_snake_twists, sprint_mu_blade_basic,
          sprint_mu_crypt_fortress, sprint_mu_tomb_spiral,
          sprint_mu_vestibule_basic, sprint_mu_gehenna_hellfire,
          sprint_mu_dis_giant, sprint_mu_tartarus_statrot,
          sprint_mu_cocytus_islands, sprint_mu_zot1]

Skill      XL: |  1  2  3  4  5  6  7  8  9 |
---------------+----------------------------+-----
Fighting       | 3 4 5 7 9 10 11 | 11.0
Dodging        | 3 4 5 7 9 10 | 10.9
Unarmed Combat | 4 6 9 10 12 | 12.8

Action                     |  1- 3 |  4- 6 |  7- 9 || total
---------------------------+-------+-------+-------++-------
  Melee: Unarmed           |    30 |     4 |    64 ||    98
         Punch             |     1 |     1 |     4 ||     6
    Use: Potion            |     6 |       |       ||     6
 Armour: Animal skin       |    11 |     2 |    36 ||    49
  Dodge: Dodged            |    12 |       |    36 ||    48

Table legend: (Time is in decaauts)
 A = Elapsed time spent in this place.
 B = Non-inter-level travel time spent in this place.
 C = Inter-level travel time spent in this place.
 D = Time resting spent in this place.
 E = Time spent auto-exploring this place.
 F = Levels seen in this place.
 G = Mean time per level.
                   A        B        C        D        E       F      G
               +--------+--------+--------+--------+--------+-----+--------+
         Total |    598 |    598 |      0 |     74 |    327 |   1 |  598.0 |
       Dungeon |    598 |    598 |      0 |     74 |    327 |   1 |  598.0 |
               +--------+--------+--------+--------+--------+-----+--------+

Top non-repeatable levels by time:
       D: 598 daAuts
